AoeStats
← javyvalentino

Arena

505169822Analyzed
2v2 RM · 25d ago on Sep 8, 2026· 43m 6s· 4 players
Game mode
Random Map
Map size
Medium (4 player)
Population
200
Speed
Normal
Resources
Standard
Victory
Conquest
Starting age
Dark Age
Ending age
Imperial Age
RankedLock teamsTeams togetherTeam positionsShared explorationLock speedFull tech treeHidden civsTurbo modeCheats
Victory
Defeat
🇺🇸 Cumans · United States
611
+15
🇨🇱 Hindustanis · Chile
605
+16
🇲🇽 Khmer · Mexico
610
-16
🇲🇽 Magyars · Mexico
586
-15
XIII
11:37 Feudal Age
16:59 Castle Age
15:45 Horse Collar
16:14 Double-Bit Axe
19:06 Bow Saw
20:38 Elite Skirmisher
21:16 Stone Mining
24:30 Heavy Plow
26:25 Bow Saw
26:49 Gold Mining
27:06 Murder Holes
29:02 Thumb Ring
31:10 Corvinian Army
32:00 Pikeman
42:57 Imperial Age
41:20 Loom
FLICK 24
11:26 Feudal Age
15:02 Castle Age
20:14 Horse Collar
21:50 Stone Mining
21:51 Double-Bit Axe
23:53 Wheelbarrow
23:37 Bow Saw
23:30 Town Watch
24:25 Heavy Plow
24:26 Loom
24:44 Gold Mining
25:48 Hand Cart
26:03 Padded Archer Armor
26:51 Stone Shaft Mining
27:13 Town Patrol
28:57 Fletching
29:22 Leather Archer Armor
29:49 Gold Shaft Mining
32:13 Imperial Age
32:14 Onager
35:19 Crop Rotation
35:38 Elite Ballista Elephant
36:30 Double Crossbow
HighEnd_Ent
7:48 Loom
11:38 Feudal Age
14:17 Town Watch
16:01 Wheelbarrow
21:01 Fletching
21:23 Forging
24:45 Castle Age
22:44 Horse Collar
24:00 Double-Bit Axe
24:28 Scale Barding Armor
25:26 Capped Ram
27:10 Bow Saw
28:16 Heavy Plow
28:42 Murder Holes
30:07 Hand Cart
30:00 Bodkin Arrow
34:25 Imperial Age
33:14 Iron Casting
33:11 Pikeman
34:29 Siege Ram
36:00 Cavalier
37:57 Gold Mining
40:29 Blast Furnace
41:57 Paladin
javyvalentino
6:30 Loom
10:31 Feudal Age
11:08 Town Watch
13:09 Wheelbarrow
15:25 Horse Collar
15:54 Double-Bit Axe
19:38 Castle Age
18:07 Stone Mining
18:31 Gold Mining
20:43 Heavy Plow
22:20 Bow Saw
22:22 Scale Barding Armor
24:13 Hand Cart
24:00 Town Patrol
34:10 Imperial Age
32:20 Chain Barding Armor
31:53 Fletching
34:12 Gold Shaft Mining
34:14 Stone Shaft Mining
34:24 Husbandry
34:35 Bloodlines
34:36 Caravan
35:41 Plate Barding Armor
36:10 Hoardings
37:29 Chemistry
36:26 Murder Holes
36:38 Siege Engineers
36:47 Heavy Camel Rider
41:43 Ballistics
41:34 Masonry
41:36 Fortified Wall
42:34 Bodkin Arrow
42:40 Padded Archer Armor
43:44 Two-Man Saw
Connection lost

Rejoining the realm…

Still unreachable

The connection could not be restored.

Session expired

The server has moved on; the page needs a fresh start.